 Dungeon Crawl Stone Soup version 0.31.0-11-ge490571c62 (webtiles) character file.

Game seed: 10183684573917089486

135 qw the Ducker (level 4, -2/23 HPs)
             Began as a Spriggan Hunter on Feb 4, 2024.
             Killed from afar by a white imp (5 damage)
             ... with a puff of frost
             ... on level 4 of the Dungeon.
             The game lasted 00:00:07 (2041 turns).

qw the Ducker (Spriggan Hunter)                     Turns: 2041, Time: 00:00:07

Health: -2/23      AC:  2    Str:  7    XL:     4   Next: 96%
Magic:  0/5        EV: 20    Int: 10    God:
Gold:   142        SH:  0    Dex: 20    Spells: 3/3 levels left

rFire   . . .        a - +2 shortbow
rCold   . . .        (shield currently unavailable)
rNeg    . . .        c - +0 robe
rPois   .            (helmet restricted)
rElec   .            (no cloak)
rCorr   .            (gloves unavailable)
SInv    +            (boots unavailable)
Will    .....        d - amulet of guardian spirit
Stlth   ++           (no ring)
HPRegen 0.23/turn    (no ring)
MPRegen 0.09/turn

%: guardian spirit
@: very quick
A: very small, no large weapons, unfitting armour, see invisible, speed 3
a: no special abilities


You were on level 4 of the Dungeon.
You visited 1 branch of the dungeon, and saw 4 of its levels.

You collected 142 gold pieces.


Innate Abilities, Weirdness & Mutations

You are very small and have problems with some larger weapons.
You are too small for most types of armour.
You have supernaturally acute eyesight. (SInv)
You cover ground extremely quickly. (Speed+++)


   Skills:
 - Level 2.0 Fighting
 + Level 5.0 Ranged Weapons
 - Level 5.3 Dodging
 - Level 1.5 Stealth


You had 3 spell levels left.
You didn't know any spells.
Your spell library was empty.

Inventory:

Hand Weapons
 a - a +2 shortbow (weapon)
Armour
 c - a +0 robe (worn)
Jewellery
 d - an amulet of guardian spirit (around neck)
Potions
 e - a potion of ambrosia {unknown}
 f - a potion of might
 g - 2 potions of curing
 h - a potion of attraction {unknown}
 i - a potion of heal wounds {unknown}
 j - a potion of cancellation {unknown}

Dungeon Overview and Level Annotations

Branches:
Dungeon (4/15)
 Temple: D:4-7

Altars:


Message History

The orc is almost dead.
The orc completely misses you.
You shoot an arrow. The arrow hits the orc!
You kill the orc!
The orc priest barely misses you.
You shoot an arrow.
The arrow closely misses the orc priest.
The arrow hits the orc.
The orc is severely wounded.
The orc priest misses you. The orc closely misses you. x2
You shoot an arrow. The arrow hits the orc priest.
The orc priest is moderately wounded.
You hear a shout!
The orc priest looks encouraged for a moment.
The orc closely misses you. The orc barely misses you.
A shadow imp comes into view.
You hear a shout! x2
You shoot an arrow.
The arrow hits the orc priest but does no damage.
The orc priest is moderately wounded.
The orc priest completely misses you. The orc misses you.
The orc completely misses you.
You shoot an arrow. The arrow hits the orc priest!
The orc priest is almost dead.
The orc priest barely misses you. The orc hits you with a +0 war axe!
The orc closely misses you.
You shoot an arrow.
The arrow completely misses the orc priest.
The arrow hits the orc.
You kill the orc!
The orc misses you. The orc priest barely misses you.
The orc hits you with a +0 flail!
An ufetubus comes into view.
Your Fighting skill increases to level 2!
You shoot an arrow. The arrow hits the orc priest!
You kill the orc priest!
The orc misses you. The orc hits you with a +0 war axe.
The white imp gestures at you. The puff of frost hits you.
You die...

##### #.o@#
#5o)# #.55#
#..####
#<5.:.7
#....7.P.#
#..#..7P..#
...#.......
....#..#....


You could see a white imp, 2 shadow imps, an ufetubus and 2 orcs.

Vanquished Creatures
  An orc priest (D:4)
  An orc wizard (D:3)
  3 adders
  2 adder zombies (D:2)
  2 dart slugs (D:1)
  4 orcs
  A bat zombie (D:2)
  5 endoplasms
  4 giant cockroaches
  6 goblins
  7 hobgoblins
  9 kobolds
  2 quokkas
  4 ball pythons (D:1)
  A ball python skeleton (D:2)
  A ball python zombie (D:2)
  6 bats
  4 frilled lizards
  A quokka skeleton (D:2)
  4 rats
68 creatures vanquished.

Notes
Turn   | Place    | Note
-------+----------+-------------------------------------------
     0 | D:1      | qw the Spriggan Hunter began the quest for the Orb.
     0 | D:1      | Reached XP level 1. HP: 10/10 MP: 2/2
     0 | D:1      | 0 ||| qw: Version: 0.3-a-160-g6735b56
     0 | D:1      | 0 ||| qw: Game counter: 5298
     0 | D:1      | 0 ||| qw: Melee chars always use a shield: true
     0 | D:1      | 0 ||| qw: God list: Okawaru
     0 | D:1      | 0 ||| qw: Allow faded altars: false
     0 | D:1      | 0 ||| qw: Do Orc after clearing Dungeon:15 true
     0 | D:1      | 0 ||| qw: Do second Lair branch before Depths: true
     0 | D:1      | 0 ||| qw: Lair rune preference: random
     0 | D:1      | 0 ||| qw: Goals: Normal
     0 | D:1      | 0 ||| PLANNING D:1-11
    25 | D:1      | Reached skill level 3 in Dodging
   144 | D:1      | Reached XP level 2. HP: 14/14 MP: 3/3
   278 | D:1      | Reached XP level 3. HP: 14/18 MP: 4/4
   762 | D:1      | 762 ||| READING scroll labelled NAEWNIO VUIHO.
   762 | D:1      | 762 ||| IDENTIFYING fuming dark potion
   763 | D:1      | 763 ||| READING scroll labelled QIMEGO YRCHEUW.
   764 | D:1      | 764 ||| READING scroll labelled OBUQIT YNUTOIM.
   765 | D:1      | 765 ||| READING scroll labelled USYOSH JIGHUAWN.
   766 | D:1      | 766 ||| DROPPING scroll of butterflies.
   767 | D:1      | 767 ||| DROPPING potion of degeneration.
  1056 | D:2      | Found a faded altar of an unknown god.
  1156 | D:2      | Reached XP level 4. HP: 11/22 MP: 5/5
  1169 | D:2      | 1169 ||| FLEEEEING.
  1170 | D:2      | 1170 ||| FLEEEEING.
  1172 | D:2      | 1172 ||| FLEEEEING.
  1173 | D:2      | 1173 ||| FLEEEEING.
  1174 | D:2      | 1174 ||| FLEEEEING.
  1449 | D:2      | 1449 ||| UPGRADING to amulet of guardian spirit.
  1454 | D:2      | 1454 ||| READING 2 scrolls of identify.
  1454 | D:2      | 1454 ||| IDENTIFYING red potion
  1455 | D:2      | 1455 ||| READING scroll of identify.
  1455 | D:2      | 1455 ||| IDENTIFYING dark potion
  1456 | D:2      | 1456 ||| READING scroll labelled CUORHA PAGU.
  1456 | D:2      | 1456 ||| ENCHANTING +0 shortbow.
  1805 | D:3      | 1805 ||| READING scroll of enchant weapon.
  1805 | D:3      | 1805 ||| ENCHANTING +1 shortbow.
  2008 | D:3      | 2008 ||| READING scroll labelled OLUMESKOERPH.
  2029 | D:4      | 2029 ||| RETREEEEATING.
  2030 | D:4      | 2030 ||| RETREEEEATING.
  2031 | D:4      | 2031 ||| RETREEEEATING.
  2032 | D:4      | 2032 ||| RETREEEEATING.
  2040 | D:4      | HP: 5/23 [orc/+0 flail (9)]
  2041 | D:4      | Killed from afar by a white imp

Levels and vault maps discovered:
D:1:      dpeg_arrival_boxes_within_box, layout_basic, minmay_misc_feat_doors
D:2:      layout_loops_ring, serial_undead, serial_undead_f, serial_undead_a,
          serial_undead_a, serial_undead_f, serial_undead_f,
          basic_ecumenical_altar
D:3:      layout_loops_ring
D:4:      kennysheep_kobold_camp, layout_cave_pools, serial_demonic,
          serial_demonic_g, serial_demonic_b, serial_demonic_g,
          serial_demonic_e, serial_demonic_a, serial_demonic_g,
          serial_demonic_c, uniq_natasha, uniq_crazy_yiuf_cottage

Skill      XL: |  1  2  3  4 |
---------------+-------------+-----
Dodging        | 3 4 5 |  5.3
Ranged Weapons | 5 |  5.0
Fighting       | 2 |  2.0
Stealth        | |  1.5

Action                     |  1- 3 |  4- 6 || total
---------------------------+-------+-------++-------
   Fire: Shortbow          |   103 |    55 ||   158
    Use: Scroll            |     4 |     5 ||     9
 Armour: Robe              |    13 |     8 ||    21
  Dodge: Dodged            |    27 |    23 ||    50

Table legend:
 A = Non-vault XP
 B = Vault XP
 C = Vault XP percentage of total XP
 D = Non-vault monster count
 E = Vault monster count
 F = Vault count percentage of total count
                 A         B        C        D         E       F
            +---------+---------+-------+---------+---------+-------
      Total |     217 |      17 |   7.3 |      62 |       6 |   8.8
            +---------+---------+-------+---------+---------+-------
        D:1 |      55 |       0 |   0.0 |      31 |       0 |   0.0
        D:2 |      44 |      17 |  27.9 |      13 |       6 |  31.6
        D:3 |      71 |       0 |   0.0 |      15 |       0 |   0.0
        D:4 |      47 |       0 |   0.0 |       3 |       0 |   0.0
            +---------+---------+-------+---------+---------+-------
